 Dungeon Crawl Stone Soup version 0.30.1-3-gfc49f6343a (webtiles) character file.

Game seed: 9183477997495560310

355 javelincjr the Magician (level 6, -18/46 HPs)
             Began as a Djinni Conjurer on July 27, 2023.
             Was a Priest of Jiyva.
             Demolished by an ice beast (19 damage)
             ... on level 5 of the Dungeon.
             The game lasted 00:09:01 (2529 turns).

javelincjr the Magician (Djinni Conjurer)           Turns: 2529, Time: 00:09:02

Health: -18/46     AC:  2    Str:  6    XL:     6   Next: 95%
Gold:   216        EV: 12    Int: 28    God:    Jiyva [***...] SH:  0 Dex: 11

rFire   + + .        i - +5 war axe of the Hungering Whale {holy, *Slow Fly rElec}
rCold   x . .        (no shield)
rNeg    . . .        a - +0 robe
rPois   ∞            (no helmet)
rElec   +            (no cloak)
rCorr   +            (no gloves)
SInv    .            (boots unavailable)
Will    .....        (no amulet)
Stlth   ++           q - +6 ring of intelligence
HPRegen 1.39/turn    (no ring)
MPRegen 0.00/turn

%: slow self (1%), infuse magic (-19 HP)
@: flying
A: sickness immunity, fire resistance 2, cold vulnerability 1, float, innate
caster, HP casting, extra vitality 1
a: Renounce Religion, Oozemancy


You were on level 5 of the Dungeon.
You worshipped Jiyva.
Jiyva was most pleased with you.
You visited 1 branch of the dungeon, and saw 5 of its levels.

You collected 216 gold pieces.

Inventory:

Hand Weapons
 i - the +5 war axe of the Hungering Whale (weapon) {holy, *Slow Fly rElec}
   (You found it on level 2 of the Dungeon)

   rElec:     It insulates you from electricity.
   Fly:       It grants you flight.
   *Slow:     It may slow you when you take damage.
Armour
 a - a +0 robe (worn)
Jewellery
 q - a +6 ring of intelligence (left hand)
Wands
 s - a wand of flame (7)
 t - a wand of mindburst (13)
Scrolls
 b - 4 scrolls of blinking {unknown}
 c - 3 scrolls of identify {unknown}
 d - 3 scrolls of silence {unknown}
 g - 2 scrolls of vulnerability {unknown}
 j - a scroll of enchant armour {unknown}
 k - a scroll of amnesia {unknown}
 m - a scroll of magic mapping {unknown}
 u - 2 scrolls of poison {unknown}
Potions
 e - a potion of berserk rage {unknown}
 f - a potion of mutation {unknown}
 h - a potion of curing {unknown}
 l - 3 potions of flight {unknown}
 n - 4 potions of attraction {unknown}
 o - a potion of might {unknown}
 p - a potion of magic {unknown}
 r - a potion of heal wounds {unknown}


   Skills:
 * Level 3.3 Fighting
 + Level 0.6 Axes
 + Level 2.1 Armour
 + Level 3.5 Dodging
 + Level 2.0 Stealth
 * Level 4.2 Spellcasting


You knew the following spells:

 Your Spells              Type           Power      Damage    Failure   Level
a - Magic Dart            Conj           100%       1d8       1%          1
b - Searing Ray           Conj           58%        2d6       1%          2
c - Dazzling Flash        Conj/Hex       58%        N/A       3%          3
d - Fulminant Prism       Conj/Hex       14%        3d8       12%         4
e - Iskenderun's Mystic   Conj/Tloc      29%        2d7       12%         4
f - Sandblast             Erth           58%        2d13      1%          1
g - Wereblood             Tmut           29%        N/A       1%          2
Your spell library was empty.

Dungeon Overview and Level Annotations

Branches:
Dungeon (5/15)
 Temple: D:4-7

Altars:
Ashenzari
Dithmenos
Ru
Uskayaw
Yredelemnul
Jiyva


Innate Abilities, Weirdness & Mutations

You are immune to sickness and miasma.
You are immune to poison.
Your flesh is very heat resistant. (rF++)
You are vulnerable to cold. (rC-)
You float through the air rather than walking.
You learn spells naturally, not from books.
Your magical power is your life essence.
You have superior vitality. (+4 MHP)


Message History

Confirm with . or Enter, or press ? or * to list all spells.
Aiming: Searing Ray (safe; 1% risk of failure)
Press: ? - help, Shift-Dir - straight line, f - ice beast
Aim: an ice beast (79% to hit)
The searing ray misses the ice beast. (Press . to maintain the ray.)
The searing ray hits the ice beast.
The ice beast is lightly wounded.
The searing ray hits the ice beast.
The ice beast is lightly wounded.
The ice beast hits you. The ice beast freezes you!
You feel a terrible chill!
The searing ray hits the ice beast.
The ice beast is moderately wounded.
You finish channelling your searing ray.
The ice beast barely misses you.
Casting: Searing Ray (safe; 1% risk of failure)
Confirm with . or Enter, or press ? or * to list all spells.
Aiming: Searing Ray (safe; 1% risk of failure)
Press: ? - help, Shift-Dir - straight line, f/p - ice beast
Aim: an ice beast (moderately wounded, 79% to hit)
The searing ray misses the ice beast. (Press . to maintain the ray.)
The ice beast hits you. The ice beast freezes you!
You feel a terrible chill!
The searing ray hits the ice beast!
The ice beast is severely wounded.
The ice beast hits you. The ice beast freezes you!
You feel a terrible chill!
* * * LOW HITPOINT WARNING * * *
The searing ray hits the ice beast but does no damage.
The ice beast is severely wounded.
* * * LOW HITPOINT WARNING * * *
The ice beast hits you but does no damage.
Your magical contamination has completely faded away.
The searing ray hits the ice beast!
The ice beast is almost dead.
* * * LOW HITPOINT WARNING * * *
You finish channelling your searing ray.
The ice beast hits you.
* * * LOW HITPOINT WARNING * * *
The ice beast freezes you!!
You feel a terrible chill!
You die...

..... # >....
.#.
....#######...
#...........#
#.....>......
#............
#....Y.......
#....@....#
#....)....#
#.........#
#....h....#
#....:....#
#.........#
###########


You could see a black bear (asleep) and an ice beast.

Vanquished Creatures
  A water moccasin (D:4)
  3 electric eels (D:3)
  2 orc wizards (D:4)
  An adder (D:3)
  3 worms
  2 dart slugs
  4 orcs
  7 ball pythons
  5 endoplasms
  9 giant cockroaches
  3 goblins
  6 hobgoblins
  A quokka (D:1)
  5 bats
  A frilled lizard (D:1)
  6 kobolds
  7 rats
66 creatures vanquished.

Vanquished Creatures (others)
  2 iguanas (D:4)
  An adder (D:4)
  An orc (D:4)
  A goblin (D:4)
  A hobgoblin (D:4)
  A ball python (D:4)
  4 fulminant prisms (D:3)
11 creatures vanquished.

Grand Total: 77 creatures vanquished

Notes
Turn   | Place    | Note
-------+----------+-------------------------------------------
     0 | D:1      | javelincjr the Djinni Conjurer began the quest for the Orb.
     0 | D:1      | javelincjr set off with the following spells memorised:
                  | Magic Dart, Searing Ray, Dazzling Flash, Fulminant Prism,
                  | Iskenderun's Mystic Blast.
     0 | D:1      | Reached XP level 1. HP: 15/15 MP: 0/0
   111 | D:1      | Reached XP level 2. HP: 20/21 MP: 0/0
   251 | D:1      | Reached skill level 1 in Fighting
   251 | D:1      | Reached XP level 3. HP: 26/27 MP: 0/0
   251 | D:1      | Learned a level 1 spell: Sandblast
   486 | D:1      | You are sucked into a shaft and drop 1 floor!
   708 | D:2      | Identified the +5 war axe of the Hungering Whale {holy,
                  | *Slow Fly rElec}
   881 | D:2      | Reached XP level 4. HP: 11/32 MP: 0/0
  1209 | D:3      | Found a faded altar of an unknown god.
  1217 | D:3      | Prayed at the altar of an unknown god.
  1217 | D:3      | Became a worshipper of Jiyva Jienkar the Shapeless
  1217 | D:3      | Reached * piety under Jiyva
  1297 | D:3      | Found a transporter.
  1359 | D:3      | Reached skill level 1 in Armour
  1362 | D:3      | Reached XP level 5. HP: 25/39 MP: 0/0
  1362 | D:3      | Learned a level 2 spell: Wereblood
  1365 | D:3      | Reached skill level 4 in Spellcasting
  1383 | D:3      | Found a transporter.
  1505 | D:3      | Reached ** piety under Jiyva
  1593 | D:3      | Reached XP level 6. HP: 45/45 MP: 0/0
  1860 | D:4      | Found a hide-covered altar of Uskayaw.
  1881 | D:4      | Noticed a water moccasin
  1892 | D:4      | Killed a water moccasin
  2020 | D:4      | Found a shadowy altar of Dithmenos.
  2021 | D:4      | Found a basalt altar of Yredelemnul.
  2024 | D:4      | Found a broken altar of Ashenzari.
  2051 | D:4      | Found a sacrificial altar of Ru.
  2137 | D:4      | Reached *** piety under Jiyva
  2520 | D:5      | Entered Level 5 of the Dungeon
  2520 | D:5      | Noticed a black bear
  2520 | D:5      | Noticed an ice beast
  2529 | D:5      | HP: 1/46 [ice beast (3)]
  2529 | D:5      | Demolished by an ice beast

Illustrated notes

Levels and vault maps discovered:
D:1:      spicycebolla_arrival_transporter_tutorial, layout_rooms,
          minmay_worlds_worst_comb
D:2:      layout_rooms, minmay_tromino_i2
D:3:      gammafunk_steamed_eel, layout_basic, basic_ecumenical_altar,
          chequers_serial_rivers_micro_c
D:4:      layout_basic, kennysheep_mini_moat, grunt_temple_overflow_open
D:5:      kennysheep_steamy, layout_rooms, uniq_blork_the_orc

Skill      XL: |  1  2  3  4  5  6 |
---------------+-------------------+-----
Fighting       | 1 2 3 |  3.3
Armour         | 1 2 |  2.1
Dodging        | 3 |  3.5
Spellcasting   | 4 |  4.2
Stealth        | 2 |  2.0
Axes           | |  0.6

Action                     |  1- 3 |  4- 6 || total
---------------------------+-------+-------++-------
  Melee: War axe           |     7 |    36 ||    43
   Cast: Magic Dart        |    69 |    27 ||    96
         Searing Ray       |     1 |     5 ||     6
         Fulminant Prism   |       |     4 ||     4
         Iskenderun's Myst |       |     1 ||     1
         Dazzling Flash    |       |     1 ||     1
   Stab: Sleeping          |       |     1 ||     1
 Armour: Robe              |     2 |     5 ||     7
  Dodge: Dodged            |     3 |    35 ||    38
